 Dungeon Crawl Stone Soup version 0.29-a0-553-g81b289dbe5 (webtiles) character file.

Game seed: 10952546215174726928

1596 HessuHobo the Fighter (level 8, -7/74 HPs)
             Began as a Minotaur Fighter on June 6, 2022.
             Mangled by a killer bee (9 damage)
             ... on level 6 of the Dungeon.
             The game lasted 00:12:27 (9099 turns).

HessuHobo the Fighter (Minotaur Fighter)            Turns: 9099, Time: 00:12:27

Health: -7/74      AC:  1    Str: 23    XL:     8   Next: 62%
Magic:  16/16      EV: 10    Int:  5    God:
Gold:   407        SH:  4    Dex: 10    Spells: 7/7 levels left

rFire   . . .      SeeInvis .   a - +0 war axe
rCold   . . .      Faith    .   c - +0 buckler
rNeg    . . .      Spirit   .   (no body armour)
rPois   .          Reflect  .   (helmet restricted)
rElec   .          Harm     .   F - +0 cloak
rCorr   .          Rampage  .   (no gloves)
Will    +....                   (no boots)
Stlth   ++........              (no amulet)
HPRegen 0.22/turn               o - ring of magical power
MPRegen 0.15/turn               s - ring of willpower

@: hasted, very quick
A: horns 2, retaliatory headbutt
a: no special abilities


You were on level 6 of the Dungeon.
You visited 1 branch of the dungeon, and saw 7 of its levels.
You also visited: Sewer.

You collected 407 gold pieces.

Inventory:

Hand Weapons
 a - a +0 war axe (weapon)
 t - a +2 dagger of electrocution
 y - a +0 spear of flaming
 K - a +2 vorpal mace
Missiles
 l - 18 poisoned darts (quivered)
Armour
 b - a +0 scale mail
 c - a +0 buckler (worn)
 u - a +2 leather armour of poison resistance
 x - a +4 scale mail
 F - a +0 cloak (worn)
Jewellery
 o - a ring of magical power (left hand)
 q - a ring of magical power
 s - a ring of willpower (right hand)
 w - a ring of see invisible
 C - a ring of magical power
 D - a ring of fire
 M - a ring of ice
Wands
 J - a wand of paralysis (8)
 O - a wand of flame (36)
Scrolls
 g - a scroll of fog {unknown}
 i - 2 scrolls of blinking {unknown}
 j - 5 scrolls of teleportation
 m - 3 scrolls of vulnerability
 p - 4 scrolls of magic mapping
 r - 2 scrolls of noise {unknown}
 A - a scroll of fear {unknown}
 E - 2 scrolls of poison
 G - a scroll of amnesia {unknown}
 I - a scroll of silence {unknown}
 P - a scroll of enchant armour {unknown}
Potions
 d - 2 potions of might
 e - 2 potions of flight {unknown}
 f - a potion of curing
 h - 4 potions of degeneration
 k - 2 potions of attraction
 z - a potion of resistance {unknown}
 B - 2 potions of brilliance
 H - 2 potions of lignification {unknown}
 L - a potion of ambrosia {unknown}
 N - 2 potions of invisibility {unknown}


   Skills:
 + Level 8.0 Fighting
 + Level 7.4 Axes
 + Level 8.0 Armour
 - Level 3.0 Stealth
 - Level 3.6 Shields


You had 7 spell levels left.
You didn't know any spells.
Your spell library contained the following spells:

 Spells                   Type           Power      Damage    Failure   Level
 Summon Small Mammal      Summ           0%         N/A       56%         1
 Call Canine Familiar     Summ           0%         N/A       91%         3
 Summon Guardian Golem    Hex/Summ       0%         N/A       91%         3


Dungeon Overview and Level Annotations

Branches:
Dungeon (7/15)              Sewer (visited)
 Temple: D:4-7

Altars:
Beogh

Annotations:
D:4 3 runed translucent doors, exclusion: 3 doors, Thjof's ghost, novice DsMo
D:6 exclusion: downstairs
D:7 exclusion: killer bee


Innate Abilities, Weirdness & Mutations

You have a pair of horns on your head.
You reflexively headbutt those who attack you in melee.


Message History

You headbutt the killer bee. The killer bee barely misses you.
You block the killer bee's attack. The killer bee stings you.
* * * LOW HITPOINT WARNING * * *
You feel much better.
You feel sick. The killer bee stings you.
You are more poisoned.
The killer bee poisons you!
The killer bee stings you but does no damage.
The killer bee attacks as you move away!
The killer bee barely misses you.
You feel very sick. The killer bee stings you!
* * * LOW HITPOINT WARNING * * *
You feel better. The killer bee stings you.
* * * LOW HITPOINT WARNING * * *
The killer bee stings you.
* * * LOW HITPOINT WARNING * * *
The killer bee closely misses you. The killer bee stings you.
* * * LOW HITPOINT WARNING * * *
The killer bee attacks as you move away!
The killer bee stings you.
* * * LOW HITPOINT WARNING * * *
The killer bee stings you.
* * * LOW HITPOINT WARNING * * *
There is a stone staircase leading up, spattered with blood here.
The killer bee misses you.
You climb upwards.
Level annotation: exclusion: downstairs
There is a stone staircase leading down here.
Okay, then.
You miss the killer bee.
The killer bee is lightly wounded.
You block the killer bee's attack. The killer bee stings you.
* * * LOW HITPOINT WARNING * * *
You miss the killer bee.
The killer bee is lightly wounded.
You block the killer bee's attack.
You slash the killer bee!
The killer bee is heavily wounded.
You block the killer bee's attack. The killer bee stings you!
You die...

############
###############...........
#.............#...........
#.............#...........
#........@....'...........
#........y....#...........
#.............#...........
#...##....................
#...#...........##.....#..
#...............##.....#..
#...............######.#..
#....#...........#........
#..........#.....#........


You could see a killer bee.

Vanquished Creatures
  An ice beast (D:6)
  2 centaurs (D:6)
  3 scorpions
  3 wights (D:5)
  A howler monkey (D:6)
  4 jellies
  3 hounds
  An orc priest (D:4)
  2 gnoll shamans (D:5)
  2 iguanas
  6 orc wizards
  Natasha (thrice) (D:2)
  A hell rat (Sewer)
  12 adders
  10 gnolls
  2 river rats (Sewer)
  A white imp (D:5)
  An ufetubus (D:6)
  2 worms (D:3)
  3 dart slugs
  34 orcs
  5 ball pythons
  3 bats
  6 endoplasms
  5 goblins
  6 hobgoblins
  4 jackals (D:3)
  A quokka (D:3)
  3 frilled lizards
  6 kobolds
  6 rats
142 creatures vanquished.

Notes
Turn   | Place    | Note
-------+----------+-------------------------------------------
     0 | D:1      | HessuHobo the Minotaur Fighter began the quest for the Orb.
     0 | D:1      | Reached XP level 1. HP: 19/19 MP: 0/0
   487 | D:1      | Reached XP level 2. HP: 18/27 MP: 1/1
  1304 | D:2      | Noticed Natasha
  1309 | D:2      | Killed Natasha
  1310 | D:2      | Reached skill level 1 in Stealth
  1310 | D:2      | Reached XP level 3. HP: 17/33 MP: 2/2
  1609 | D:2      | Noticed Natasha
  1657 | D:2      | Killed Natasha
  1658 | D:2      | Reached XP level 4. HP: 40/41 MP: 3/3
  1735 | D:2      | Noticed Natasha
  1737 | D:2      | Killed Natasha
  2453 | D:2      | Reached XP level 5. HP: 47/47 MP: 4/4
  3662 | D:3      | Found a faded altar of an unknown god.
  3823 | D:3      | Reached skill level 5 in Fighting
  3842 | D:3      | Reached skill level 5 in Armour
  4617 | D:3      | Reached XP level 6. HP: 38/56 MP: 5/5
  4724 | D:4      | Found a glowing drain.
  4746 | D:4      | HP: 2/56 [something/puff of flame (6)]
  4928 | Sewer    | Entered a sewer
  5029 | D:4      | Found a runed translucent gate.
  5029 | D:4      | Found a runed translucent gate.
  5031 | D:4      | Found a runed translucent gate.
  5034 | D:4      | Noticed Thjof's ghost (novice DsMo)
  5480 | D:4      | Reached XP level 7. HP: 59/62 MP: 6/6
  5481 | D:4      | Reached skill level 5 in Axes
  6199 | D:5      | Entered Level 5 of the Dungeon
  7809 | D:5      | Reached XP level 8. HP: 49/73 MP: 7/7
  9088 | D:7      | HP: 3/74 [poisoned by a killer bee]
  9088 | D:7      | HP: 1/74 [killer bee (2)]
  9097 | D:6      | HP: 1/74 [killer bee (3)]
  9099 | D:6      | Mangled by a killer bee

Illustrated notes

Levels and vault maps discovered:
D:1:      dpeg_arrival_solitude, layout_loops_ring, grunt_decor_junction,
          corexii_leaking_fountain, minmay_tromino_v4_c
D:2:      layout_loops_cross, roderic_st_hans_cross, minmay_liquid_box,
          uniq_natasha
D:3:      layout_loops_ring, ebering_ecumenical_altar_hall,
          minmay_close_crescents
D:4:      layout_basic, cheibrodos_sewer_entry_drain, biasface_ghost_orc_armoury
D:5:      layout_basic
D:6:      layout_basic
D:7:      layout_basic, minmay_temple_entry_large_hall

Skill      XL: |  1  2  3  4  5  6  7  8 |
---------------+-------------------------+-----
Armour         | 4 5 7 8 |  8.0
Fighting       | 4 5 7 8 |  8.0
Axes           | 3 4 6 7 |  7.4
Stealth        | 1 2 3 |  3.0
Shields        | |  3.6

Action                   |  1- 3 |  4- 6 |  7- 9 || total
-------------------------+-------+-------+-------++-------
Melee: War axe           |    40 |   178 |   148 ||   366
       Headbutt          |     6 |    15 |    23 ||    44
Throw: Dart              |     1 |    10 |       ||    11
  Use: Scroll            |     3 |     2 |     5 ||    10
       Potion            |       |     1 |     4 ||     5
Armor: Scale mail        |    26 |    48 |   103 ||   177
       Leather armour    |       |    21 |       ||    21
       Skin              |       |       |     2 ||     2
Dodge: Dodged            |    26 |    92 |    79 ||   197
Block: Buckler           |    15 |    37 |    44 ||    96

Table legend: (Time is in decaauts)
 A = Elapsed time spent in this place.
 B = Non-inter-level travel time spent in this place.
 C = Inter-level travel time spent in this place.
 D = Time resting spent in this place.
 E = Time spent auto-exploring this place.
 F = Levels seen in this place.
 G = Mean time per level.
                   A        B        C        D        E       F      G
               +--------+--------+--------+--------+--------+-----+--------+
         Total |   9237 |   8750 |    487 |   3605 |   3800 |   8 | 1154.6 |
       Dungeon |   9131 |   8644 |    487 |   3602 |   3800 |   7 | 1304.4 |
         Sewer |    105 |    105 |      0 |      3 |      0 |   1 |  105.0 |
               +--------+--------+--------+--------+--------+-----+--------+

Top non-repeatable levels by time:
     D:2: 2350 daAuts
     D:5: 1888 daAuts
     D:4: 1496 daAuts
     D:3: 1423 daAuts
     D:1: 992 daAuts
     D:6: 945 daAuts
   Sewer: 105 daAuts
     D:7: 36 daAuts
